[ PARTIDA AOE2 · #505721264 ]
UnrankedBohemios vs Britons
Equipo del jugador · VICT
Equipo rival · DERR
[ ANÁLISIS DE REPETICIÓN · EXTRAÍDO DE LA PARTIDA GRABADA ]
Feudal
9:55
Castillos
23:19
Imperial
38:53
| APM promedio | 80.1 |
| APM pico | 129 |
| eAPM promedio | 32.1 |
| Aldeanos / militares | 187 / 458 |
Foco
⚔️ 38.6% · 🌾 61.4%
Skirmisher ×358 · Spearman ×57 · Bombard Cannon ×18 · Hussite Wagon ×11 · Knight ×8 · Trebuchet (Packed) ×6
Feudal
10:55
Castillos
22:48
Imperial
38:52
| APM promedio | 59.0 |
| APM pico | 100 |
| eAPM promedio | 30.8 |
| Aldeanos / militares | 196 / 447 |
Foco
⚔️ 51.2% · 🌾 48.8%
Skirmisher ×218 · Archer ×103 · Scout Cavalry ×85 · Longbowman ×15 · Trebuchet (Packed) ×12 · Knight ×6
Mapa de la partida
Recursos iniciales + cada clic de construcción. Líneas = muros · curvas = relieve. ◆ oro · ⬟ piedra · ● bayas · ✦ reliquia · ◌ hueco del cierre
Tu base· Abierta — hueco de 3t
Base de Cooper· Abierta — hueco de 1t
Terreno inicial suavizado · ◌ = hueco del cierre detectado · pasá el cursor para detalles
Inputs por minuto
— KryptixXL - - Cooper
Build order — KryptixXL
Primeras 150 de 713 acciones detectadas
| 0:01 | Encolar | Villager (Male) ×4 |
| 0:02 | Construir | House |
| 0:03 | Construir | House |
| 1:10 | Encolar | Villager (Male) |
| 1:10 | Encolar | Villager (Male) |
| 1:45 | Encolar | Villager (Male) |
| 2:04 | Encolar | Villager (Male) |
| 2:04 | Encolar | Villager (Male) |
| 2:10 | Construir | Lumber Camp |
| 2:24 | Encolar | Villager (Male) |
| 2:24 | Encolar | Villager (Male) |
| 3:07 | Encolar | Villager (Male) |
| 3:07 | Encolar | Villager (Male) |
| 3:17 | Encolar | Villager (Male) |
| 3:49 | Construir | House |
| 3:50 | Construir | House |
| 3:54 | Encolar | Villager (Male) |
| 3:55 | Encolar | Villager (Male) |
| 3:55 | Encolar | Villager (Male) |
| 4:40 | Encolar | Villager (Male) |
| 4:40 | Encolar | Villager (Male) |
| 4:49 | Encolar | Villager (Male) |
| 4:49 | Encolar | Villager (Male) |
| 5:03 | Construir | Mill |
| 5:15 | Encolar | Villager (Male) |
| 5:15 | Encolar | Villager (Male) |
| 6:22 | Encolar | Villager (Male) |
| 6:42 | Encolar | Villager (Male) |
| 7:04 | Investigar | Loom |
| 7:18 | Construir | Palisade Wall |
| 7:19 | Construir | Palisade Wall |
| 7:20 | Construir | Palisade Wall |
| 7:20 | Construir | Palisade Wall |
| 7:21 | Construir | Palisade Wall |
| 7:22 | Construir | Palisade Wall |
| 7:24 | Construir | Palisade Wall |
| 7:26 | Construir | Palisade Wall |
| 7:27 | Construir | Palisade Wall |
| 7:27 | Construir | Palisade Wall |
| 7:28 | Construir | Palisade Wall |
| 7:31 | Construir | Palisade Wall |
| 7:33 | Construir | Palisade Wall |
| 7:34 | Construir | Palisade Wall |
| 7:37 | Construir | Palisade Wall |
| 7:37 | Construir | Palisade Wall |
| 7:38 | Construir | Palisade Wall |
| 7:39 | Construir | Palisade Wall |
| 7:45 | Investigar | Feudal Age |
| 8:16 | Construir | Barracks |
| 8:40 | Construir | House |
| 9:27 | Encolar | Villager (Male) |
| 9:27 | Encolar | Villager (Male) |
| 9:54 | Encolar | Villager (Male) |
| 9:55 | Edad | Edad Feudal |
| 9:59 | Construir | Archery Range |
| 10:01 | Construir | House |
| 10:14 | Investigar | Double-Bit Axe |
| 10:19 | Encolar | Spearman |
| 10:55 | Encolar | Villager (Male) |
| 11:10 | Encolar | Villager (Male) |
| 11:23 | Construir | Blacksmith |
| 11:24 | Encolar | Villager (Male) |
| 11:46 | Construir | Palisade Wall |
| 11:47 | Construir | Palisade Wall |
| 11:48 | Construir | Palisade Wall |
| 11:53 | Encolar | Skirmisher |
| 11:53 | Encolar | Skirmisher |
| 11:59 | Encolar | Villager (Male) |
| 11:59 | Encolar | Villager (Male) |
| 12:02 | Construir | Farm |
| 12:03 | Construir | Farm |
| 12:14 | Construir | Farm |
| 12:16 | Investigar | Horse Collar |
| 12:21 | Construir | House |
| 12:22 | Investigar | Forging |
| 12:30 | Investigar | Fletching |
| 12:33 | Encolar | Villager (Male) |
| 12:38 | Construir | Farm |
| 12:45 | Encolar | Skirmisher |
| 12:52 | Construir | House |
| 12:55 | Construir | Farm |
| 12:59 | Encolar | Skirmisher |
| 13:13 | Encolar | Skirmisher |
| 13:14 | Encolar | Villager (Male) |
| 13:22 | Construir | Farm |
| 13:23 | Encolar | Villager (Male) |
| 13:28 | Construir | Farm |
| 13:31 | Encolar | Skirmisher |
| 13:34 | Encolar | Spearman |
| 13:45 | Construir | Farm |
| 13:56 | Encolar | Skirmisher |
| 14:01 | Encolar | Spearman |
| 14:16 | Encolar | Villager (Male) |
| 14:26 | Encolar | Skirmisher |
| 14:31 | Investigar | Padded Archer Armor |
| 14:33 | Encolar | Villager (Male) |
| 14:34 | Construir | Farm |
| 14:36 | Encolar | Skirmisher |
| 14:50 | Encolar | Skirmisher |
| 15:00 | Construir | Farm |
| 15:02 | Construir | Farm |
| 15:04 | Construir | Farm |
| 15:05 | Encolar | Skirmisher |
| 15:13 | Construir | Palisade Wall |
| 15:25 | Construir | Farm |
| 15:49 | Encolar | Skirmisher |
| 15:49 | Encolar | Skirmisher |
| 15:59 | Encolar | Villager (Male) |
| 15:59 | Encolar | Villager (Male) |
| 16:00 | Construir | Farm |
| 16:11 | Encolar | Skirmisher |
| 16:14 | Encolar | Villager (Male) |
| 16:28 | Construir | Farm |
| 16:29 | Construir | Farm |
| 16:29 | Construir | Farm |
| 16:29 | Construir | Farm |
| 16:30 | Encolar | Villager (Male) |
| 16:36 | Encolar | Skirmisher |
| 16:49 | Encolar | Skirmisher |
| 16:55 | Encolar | Villager (Male) |
| 17:05 | Encolar | Skirmisher |
| 17:09 | Construir | House |
| 17:10 | Construir | House |
| 17:51 | Construir | Mining Camp |
| 18:05 | Encolar | Spearman |
| 18:06 | Encolar | Spearman |
| 18:28 | Encolar | Villager (Male) |
| 18:29 | Encolar | Villager (Male) |
| 18:33 | Construir | Watch Tower |
| 18:35 | Encolar | Villager (Male) |
| 18:41 | Encolar | Skirmisher |
| 19:01 | Encolar | Villager (Male) |
| 19:21 | Investigar | Wheelbarrow |
| 19:26 | Construir | Farm |
| 19:28 | Construir | Farm |
| 19:29 | Construir | Farm |
| 19:29 | Encolar | Skirmisher |
| 19:36 | Construir | House |
| 19:36 | Construir | House |
| 20:22 | Encolar | Villager (Male) |
| 20:25 | Construir | House |
| 20:36 | Investigar | Castle Age |
| 21:11 | Encolar | Spearman |
| 21:25 | Construir | Archery Range |
| 22:04 | Construir | Mining Camp |
| 22:17 | Encolar | Villager (Male) |
| 22:31 | Encolar | Skirmisher |
| 22:31 | Encolar | Skirmisher |
| 22:31 | Encolar | Skirmisher |
| 23:07 | Encolar | Villager (Male) |
Build order — Cooper
Primeras 150 de 839 acciones detectadas
| 0:00 | Encolar | Villager (Male) |
| 0:00 | Encolar | Villager (Male) |
| 0:01 | Encolar | Villager (Male) |
| 0:01 | Encolar | Villager (Male) |
| 0:03 | Construir | House |
| 0:04 | Construir | House |
| 1:17 | Encolar | Villager (Male) |
| 1:17 | Encolar | Villager (Male) |
| 1:38 | Encolar | Villager (Male) |
| 1:46 | Construir | Lumber Camp |
| 2:07 | Encolar | Villager (Male) |
| 2:19 | Encolar | Villager (Male) |
| 2:46 | Encolar | Villager (Male) |
| 3:29 | Encolar | Villager (Male) |
| 3:42 | Construir | House |
| 3:42 | Construir | House |
| 3:47 | Encolar | Villager (Male) |
| 3:47 | Encolar | Villager (Male) |
| 4:23 | Encolar | Villager (Male) |
| 4:44 | Construir | Barracks |
| 4:53 | Encolar | Villager (Male) |
| 5:29 | Encolar | Villager (Male) |
| 5:44 | Construir | House |
| 5:44 | Encolar | Militia |
| 5:45 | Encolar | Militia |
| 5:57 | Encolar | Villager (Male) |
| 6:12 | Construir | House |
| 6:24 | Encolar | Militia |
| 6:30 | Encolar | Villager (Male) |
| 6:47 | Construir | Mining Camp |
| 6:52 | Encolar | Villager (Male) |
| 7:15 | Encolar | Villager (Male) |
| 7:50 | Construir | Mill |
| 7:52 | Encolar | Villager (Male) |
| 7:57 | Investigar | Loom |
| 8:21 | Investigar | Feudal Age |
| 9:09 | Encolar | Villager (Male) |
| 10:16 | Encolar | Villager (Male) |
| 10:55 | Encolar | Villager (Male) |
| 10:55 | Edad | Edad Feudal |
| 10:58 | Investigar | Man-at-Arms (upgrade) |
| 11:01 | Investigar | Double-Bit Axe |
| 11:05 | Encolar | Villager (Male) |
| 11:35 | Encolar | Villager (Male) |
| 11:38 | Construir | Archery Range |
| 11:41 | Construir | Archery Range |
| 12:05 | Investigar | Horse Collar |
| 12:06 | Encolar | Villager (Male) |
| 12:23 | Construir | Farm |
| 12:24 | Construir | Farm |
| 12:28 | Construir | Blacksmith |
| 12:31 | Encolar | Archer |
| 12:35 | Encolar | Villager (Male) |
| 12:37 | Encolar | Archer |
| 12:39 | Construir | House |
| 12:53 | Construir | Lumber Camp |
| 12:58 | Encolar | Archer |
| 13:16 | Encolar | Archer |
| 13:17 | Encolar | Archer |
| 13:30 | Construir | Farm |
| 13:38 | Construir | House |
| 13:50 | Investigar | Fletching |
| 14:02 | Construir | Farm |
| 14:04 | Construir | Farm |
| 14:06 | Construir | House |
| 14:07 | Encolar | Villager (Male) |
| 14:12 | Construir | Farm |
| 14:18 | Encolar | Archer |
| 14:19 | Encolar | Archer |
| 14:22 | Encolar | Villager (Male) |
| 14:26 | Construir | House |
| 14:48 | Construir | Farm |
| 14:48 | Encolar | Villager (Male) |
| 14:50 | Encolar | Archer |
| 14:50 | Encolar | Archer |
| 14:57 | Encolar | Villager (Male) |
| 15:12 | Encolar | Archer |
| 15:12 | Encolar | Archer |
| 15:25 | Encolar | Villager (Male) |
| 15:34 | Encolar | Villager (Male) |
| 15:39 | Encolar | Archer |
| 15:39 | Encolar | Archer |
| 15:39 | Encolar | Villager (Male) |
| 15:47 | Encolar | Villager (Male) |
| 15:49 | Encolar | Villager (Male) |
| 16:01 | Encolar | Villager (Male) |
| 16:11 | Encolar | Villager (Male) |
| 16:15 | Encolar | Archer |
| 16:15 | Encolar | Archer |
| 16:17 | Construir | House |
| 16:19 | Encolar | Villager (Male) |
| 16:36 | Encolar | Archer |
| 16:36 | Encolar | Archer |
| 16:36 | Encolar | Villager (Male) |
| 16:36 | Encolar | Villager (Male) |
| 16:42 | Construir | Farm |
| 16:45 | Construir | Stable |
| 16:58 | Encolar | Villager (Male) |
| 17:13 | Encolar | Archer |
| 17:22 | Encolar | Villager (Male) |
| 17:30 | Construir | Farm |
| 17:39 | Encolar | Scout Cavalry |
| 17:43 | Encolar | Villager (Male) |
| 17:52 | Construir | House |
| 17:53 | Construir | House |
| 17:58 | Encolar | Villager (Male) |
| 18:45 | Encolar | Villager (Male) |
| 19:03 | Construir | Farm |
| 19:05 | Construir | Farm |
| 19:06 | Construir | Farm |
| 19:09 | Construir | Market |
| 19:09 | Encolar | Villager (Male) |
| 19:13 | Construir | Market |
| 19:17 | Encolar | Archer |
| 19:17 | Encolar | Archer |
| 19:41 | Construir | Farm |
| 20:08 | Investigar | Castle Age |
| 20:15 | Encolar | Scout Cavalry |
| 20:34 | Construir | House |
| 20:38 | Encolar | Scout Cavalry |
| 20:53 | Encolar | Villager (Male) |
| 21:05 | Encolar | Villager (Male) |
| 21:08 | Encolar | Scout Cavalry |
| 21:15 | Encolar | Archer |
| 21:16 | Encolar | Archer |
| 21:24 | Encolar | Archer |
| 21:24 | Encolar | Archer |
| 21:24 | Encolar | Archer |
| 21:24 | Encolar | Archer |
| 21:38 | Encolar | Villager (Male) |
| 22:00 | Encolar | Archer |
| 22:00 | Encolar | Archer |
| 22:23 | Encolar | Archer |
| 22:24 | Encolar | Archer |
| 22:36 | Encolar | Archer |
| 22:36 | Encolar | Archer |
| 22:36 | Encolar | Villager (Male) |
| 22:48 | Edad | Edad de los Castillos |
| 23:06 | Investigar | Bodkin Arrow |
| 23:06 | Investigar | Bodkin Arrow |
| 23:13 | Investigar | Crossbowman (upgrade) |
| 23:16 | Encolar | Villager (Male) |
| 23:18 | Investigar | Bow Saw |
| 23:21 | Construir | Town Center |
| 23:28 | Construir | Town Center |
| 23:31 | Encolar | Archer |
| 23:32 | Encolar | Archer |
| 23:36 | Investigar | Heavy Plow |
| 23:43 | Encolar | Villager (Male) |
| 23:57 | Construir | University |
Cronología de la partida
| 4:44 | Cooper · first_building Barracks |
| 7:18 | KryptixXL · wall_segment Palisade Wall x1 |
| 7:19 | KryptixXL · wall_segment Palisade Wall x1 |
| 7:20 | KryptixXL · wall_segment Palisade Wall x1 |
| 7:20 | KryptixXL · wall_segment Palisade Wall x1 |
| 7:21 | KryptixXL · wall_segment Palisade Wall x1 |
| 7:22 | KryptixXL · wall_segment Palisade Wall x1 |
| 7:24 | KryptixXL · wall_segment Palisade Wall x1 |
| 7:26 | KryptixXL · wall_segment Palisade Wall x1 |
| 7:27 | KryptixXL · wall_segment Palisade Wall x1 |
| 7:27 | KryptixXL · wall_segment Palisade Wall x1 |
| 7:28 | KryptixXL · wall_segment Palisade Wall x1 |
| 7:31 | KryptixXL · wall_segment Palisade Wall x1 |
| 7:33 | KryptixXL · wall_segment Palisade Wall x1 |
| 7:34 | KryptixXL · wall_segment Palisade Wall x1 |
| 7:37 | KryptixXL · wall_segment Palisade Wall x1 |
| 7:37 | KryptixXL · wall_segment Palisade Wall x1 |
| 7:38 | KryptixXL · wall_segment Palisade Wall x1 |
| 7:39 | KryptixXL · wall_segment Palisade Wall x1 |
| 8:16 | KryptixXL · first_building Barracks |
| 9:55 | KryptixXL · age_up feudal |
| 9:59 | KryptixXL · first_building Archery Range |
| 10:55 | Cooper · age_up feudal |
| 11:38 | Cooper · first_building Archery Range |
| 11:46 | KryptixXL · wall_segment Palisade Wall x1 |
| 11:47 | KryptixXL · wall_segment Palisade Wall x1 |
| 11:48 | KryptixXL · wall_segment Palisade Wall x1 |
| 15:13 | KryptixXL · wall_segment Palisade Wall x2 |
| 16:45 | Cooper · first_building Stable |
| 20:05 | Cooper · first_market_buy 100 food |
| 20:08 | Cooper · first_market_sell 100 wood |
| 22:48 | Cooper · age_up castle |
| 23:19 | KryptixXL · age_up castle |
| 26:11 | Cooper · first_building Siege Workshop |
| 27:46 | KryptixXL · first_building Stable |
| 30:21 | KryptixXL · first_building Castle |
| 32:19 | Cooper · first_building Castle |
| 36:47 | Cooper · first_building Monastery |
| 38:52 | Cooper · age_up imperial |
| 38:53 | KryptixXL · age_up imperial |
| 39:17 | KryptixXL · first_market_buy 100 wood |
| 45:56 | KryptixXL · wall_segment Stone Wall x9 |
| 49:41 | KryptixXL · first_building Siege Workshop |
| 56:51 | KryptixXL · wall_segment Stone Wall x1 |
| 56:54 | KryptixXL · wall_segment Stone Wall x9 |
| 56:56 | KryptixXL · wall_segment Stone Wall x3 |
| 60:08 | Cooper · resign |
[ ANÁLISIS IA · 1 CRÉDITO ]
¿Qué pasó realmente en esta partida?
Wolo.gg analiza cada decisión: build order, eco, micro, errores típicos por bracket. Análisis personalizado por WhatsApp o Discord en 30 segundos.
Guía civ
Bohemios
Perfil
Jugador #15613679